AoeStats
← Roelofzen

Black Forest

506834572Analyzed
1v1 RM · 18d ago on Sep 15, 2026· 22m 55s· 2 players
Game mode
Random Map
Map size
Tiny (2 player)
Population
200
Speed
Normal
Resources
Standard
Victory
Conquest
Starting age
Dark Age
Ending age
Imperial Age
RankedLock teamsTeams togetherTeam positionsShared explorationLock speedFull tech treeHidden civsTurbo modeCheats
Victory
Defeat
🇳🇱 Britons · Netherlands
1044
+15
🇨🇳 Sicilians · China
1018
-15
QQ糖大王
7:24 Loom
10:44 Feudal Age
11:18 Double-Bit Axe
14:59 Scale Mail Armor
15:10 Forging
15:32 Horse Collar
16:20 Arson
17:30 Gold Mining
Roelofzen
13:05 Feudal Age
18:49 Castle Age
21:39 Loom
Connection lost

Rejoining the realm…

Still unreachable

The connection could not be restored.

Session expired

The server has moved on; the page needs a fresh start.